Map: 2000 Atmospheres LE

Players

RustyShacky

  • Race: Terran Terran
  • League: Platinum

A.I. 1 (Very Easy) - Winner!

  • Race: Protoss Protoss

VOD

Have the link to the VOD?

Description

Time

  • Played on: Feb. 22, 2022, 8:49 a.m.
  • Length: 10:02
Show
View Real Time Build Order
Export as new Build Order

RustyShacky Terran 

Build Orders:  

Get SALT Encoding   

  12  0:00  SCV  
  13  0:12  SCV  
  14  0:18  Supply Depot  
  14  0:25  SCV  
  15  0:40  Barracks, SCV  
  16  0:45  Refinery  
  16  0:52  SCV  
  17  1:04  SCV  
  18  1:16  SCV  
  19  1:27  Marine  
  19  1:28  Orbital Command  
  20  1:42  Command Center  
  20  1:46  Barracks Reactor  
  20  1:53  SCV  
  21  1:57  Supply Depot  
  21  2:06  SCV  
  21  2:10  Factory  
  21  2:18  SCV  
  21  2:22  Marine x2  
  24  2:24  Bunker  
  24  2:30  SCV  
  24  2:32  Refinery  
  25  2:42  SCV  
  26  2:54  Orbital Command, SCV  
  26  2:56  Factory Tech Lab  
  26  2:57  Starport  
  27  3:06  SCV  
  28  3:18  SCV, Siege Tank  
  32  3:21  SCV  
  33  3:29  Supply Depot  
  33  3:30  SCV  
  33  3:33  Viking, SCV  
  37  3:35  Marine x2  
  39  3:44  Barracks  
  39  3:46  Barracks  
  39  3:49  SCV  
  39  3:50  SCV  
  39  3:54  Supply Depot  
  41  3:59  Siege Tank  
  41  4:02  SCV  
  45  4:03  SCV  
  45  4:08  Engineering Bay  
  46  4:14  SCV, Refinery  
  46  4:15  SCV  
  48  4:17  Starport Tech Lab  
  48  4:20  Supply Depot  
  48  4:24  Marine x2  
  48  4:26  SCV  
  48  4:28  SCV  
  52  4:35  Terran Infantry Weapons Level 1  
  52  4:39  SCV  
  52  4:40  Factory Tech Lab  
  52  4:41  SCV  
  52  4:43  Supply Depot  
  52  4:44  Marine x3  
  57  4:45  Marine  
  57  4:48  Stimpack  
  57  4:52  SCV  
  59  4:54  SCV  
  60  5:01  Siege Tank  
  60  5:02  Marine x3  
  60  5:03  Marine  
  67  5:07  SCV  
  67  5:08  SCV  
  67  5:10  Supply Depot, Combat Shield  
  69  5:17  Refinery  
  69  5:18  Starport Reactor  
  69  5:21  Marine  
  69  5:22  Marauder, Marine  
  69  5:23  Marauder  
  69  5:24  SCV  
  69  5:26  SCV  
  77  5:37  Siege Tank  
  77  5:40  Supply Depot  
  80  5:48  Marauder, Marine  
  80  5:49  Marauder, Marine  
  86  5:59  Command Center  
  86  6:01  Medivac  
  86  6:03  Supply Depot  
  88  6:04  Medivac  
  88  6:05  Supply Depot  
  88  6:11  Barracks  
  90  6:14  Barracks, Siege Tank  
  93  6:25  Marauder x2  
  97  6:27  Supply Depot  
  97  6:28  Supply Depot  
  97  6:30  Concussive Shells  
  97  6:33  Terran Infantry Armor Level 1  
  97  6:35  Marine x2  
  99  6:45  Medivac  
  101  6:51  Medivac  
  103  6:54  Marine x4  
  103  6:58  Engineering Bay  
  103  6:59  Barracks Tech Lab  
  103  7:00  Barracks Reactor  
  107  7:08  Supply Depot  
  107  7:10  Supply Depot  
  107  7:12  Armory  
  107  7:14  Marauder x2, Marine x2  
  113  7:27  Siege Tank  
  113  7:28  Marauder  
  118  7:31  Orbital Command  
  118  7:32  SCV x2  
  118  7:36  Marauder  
  122  7:38  Marauder  
  124  7:44  Supply Depot  
  124  7:45  Supply Depot  
  124  7:47  SCV x2  
  124  7:50  Medivac  
  128  7:52  Medivac  
  128  7:57  SCV  
  134  8:05  Siege Tank  
  134  8:07  Marauder  
  134  8:08  Marauder, Marine x5  
  143  8:17  Refinery  
  143  8:18  Refinery  
  143  8:20  SCV x2  
  143  8:21  SCV  
  143  8:26  Marine  
  147  8:32  SCV x2  
  147  8:33  Marine x6, SCV  
  156  8:43  Marine  
  156  8:46  Siege Tank  
  160  8:49  Supply Depot x2  
  160  8:50  Supply Depot  
  160  8:52  Marauder  
  160  8:53  Marauder x2  
  160  8:54  Marine  
  167  8:56  Marine  
  167  8:57  Marine  
  167  9:01  Medivac  
  171  9:04  Medivac  
  173  9:11  SCV x3  
  173  9:15  Marauder x2  
  173  9:16  Marauder  
  182  9:18  Marine  
  182  9:23  SCV x3  
  186  9:26  Supply Depot  
  186  9:28  Siege Tank  
  189  9:36  Marauder x2, Marine x4  
  197  9:47  SCV x3  
  200  9:54  Command Center  
Show
View Real Time Build Order
Export as new Build Order

A.I. 1 (Very Easy) Protoss - Winner!

Build Orders: 1 Gate Expand, Nexus First 

Get SALT Encoding   

  12  0:00  Probe  
  13  0:13  Probe  
  14  0:19  Pylon  
  14  0:43  Gateway  
  14  1:00  Nexus  
  14  1:19  Pylon  
  14  1:21  Zealot  
  14  1:23  Assimilator  
  16  1:33  Probe  
  16  1:36  Cybernetics Core  
  17  1:41  Probe  
  18  1:52  Probe  
  19  2:01  Probe  
  19  2:04  Assimilator  
  19  2:07  Stalker  
  20  2:09  Probe  
  23  2:17  Warp Gate  
  23  2:21  Probe  
  24  2:28  Probe  
  25  2:35  Probe  
  26  2:55  Probe  
  26  2:57  Assimilator  
  27  3:01  Probe  
  27  3:03  Assimilator  
  28  3:06  Pylon  
  28  3:10  Probe  
  29  3:13  Probe  
  29  3:16  Robotics Facility  
  30  3:27  Zealot  
  32  3:28  Probe  
  33  3:35  Probe  
  34  3:42  Probe  
  35  3:49  Probe  
  36  3:56  Probe  
  37  4:04  Probe  
  37  4:05  Observer  
  37  4:08  Probe  
  39  4:15  Probe  
  40  4:21  Probe  
  41  4:26  Observer  
  41  4:28  Probe  
  43  4:38  Stalker  
  46  4:39  Probe  
  46  4:43  Pylon  
  47  4:47  Probe  
  48  4:54  Probe  
  49  5:01  Probe  
Tags
 
Add a new tag
Caveats
  • Supply blocks, unpowered buildings, or Contaminate may cause inaccurate times.
  • Supply counts are checked every 10 seconds.